 Dungeon Crawl Stone Soup version 0.21-a0-404-g291f19a (webtiles) character file.

3273 HAL9000 the Slicer (level 10, -3/51 HPs)
             Began as a Vine Stalker Assassin on Oct 26, 2017.
             Slain by a hornet (9 damage)
             ... on level 7 of the Dungeon.
             The game lasted 00:19:18 (7264 turns).

HAL9000 the Slicer (Vine Stalker Assassin)          Turns: 7264, Time: 00:19:18

Health: -3/51      AC:  3    Str: 19    XL:     10   Next: 0%
Magic:  0/11       EV: 11    Int: 12    God:
Gold:   346        SH:  0    Dex: 18    Spells: 9/9 levels left

rFire    + . .     SeeInvis .   i - +2 dagger (venom)
rCold    . . .     Gourm    .   (no shield)
rNeg     . . .     Faith    .   c - +0 robe
rPois    .         Spirit   +   (no helmet)
rElec    .         Reflect  .   K - scarf {repulsion}
rCorr    .         Harm     .   (no gloves)
MR       +....                  y - +0 pair of boots
Stlth    ++++......             (no amulet)
HPRegen  0.57/turn              h - ring of protection from fire
MPRegen  0.12/turn              (no ring)

@: mighty, slowed, repel missiles, very slow
A: fangs 3, regeneration 1, magic shield, antimagic bite, no potion heal 3, rot
immunity
a: no special abilities


You were on level 7 of the Dungeon.
You were not hungry.

You visited 2 branches of the dungeon, and saw 8 of its levels.

You collected 346 gold pieces.

Inventory:

Hand Weapons
 b - a +0 blowgun
 i - a +2 dagger of venom (weapon)
 S - a +1 antimagic dagger
Missiles
 P - 4 tomahawks of dispersal (quivered)
Armour
 c - a +0 robe (worn)
 d - a +0 cloak
 y - a +0 pair of boots (worn)
 K - a scarf of repulsion (worn)
Jewellery
 h - a ring of protection from fire (left hand)
Wands
 B - a wand of lightning (0/15)
 C - a wand of scattershot (0/9)
Scrolls
 p - 3 scrolls of teleportation {unknown}
 r - 2 scrolls of remove curse
 s - a scroll of fog {unknown}
 v - a scroll of noise {unknown}
 D - a scroll of magic mapping {unknown}
 G - a scroll of enchant weapon {unknown}
 J - a scroll of recharging {unknown}
 O - a scroll of immolation {unknown}
 V - a scroll of summoning {unknown}
Potions
 j - 2 potions of haste
 m - 2 potions of curing
 n - 5 potions of flight
 u - a potion of agility
 x - a potion of experience {unknown}
 z - a potion of brilliance {unknown}
 N - 2 potions of ambrosia {unknown}
 R - 3 potions of lignification {unknown}
 T - a potion of invisibility
Comestibles
 g - 5 bread rations
 k - 3 fruits
 l - a royal jelly
 o - 2 meat rations


   Skills:
 + Level 4.4 Fighting
 - Level 11.1 Short Blades
 - Level 1.7 Throwing
 - Level 0.7 Dodging
 + Level 7.7 Stealth


You had 9 spell levels left.
You didn't know any spells.

Dungeon Overview and Level Annotations

Branches:
Dungeon (7/15)             Temple (1/1) D:5

Altars:
Ashenzari
Cheibriados
Elyvilon
Fedhas
Gozag
Hepliaklqana
Kikubaaqudgha
Makhleb
Nemelex Xobeh
Okawaru
Qazlal
Sif Muna
Trog
Uskayaw
Vehumet
Wu Jian
Xom
Yredelemnul
Zin
The Shining One

Shops:
D:4 !


Innate Abilities, Weirdness & Mutations

You have razor-sharp teeth.
Your natural rate of healing is unusually fast.
When hurt, damage is shared between your health and your magic reserves.
Your bite disrupts and absorbs the magic of your enemies.
Potions cannot restore your health.
You are immune to rotting.


Message History

You feel as though you will be slow longer.
Unknown command.
Your system rejects the healing.
You feel better. The hornet stings you!
* * * LOW HITPOINT WARNING * * *
You feel as though you will be slow longer.
The hornet barely misses you.
You feel very mighty all of a sudden. The hornet stings you.
* * * LOW HITPOINT WARNING * * *
You feel as though you will be slow longer.
The hornet stings you!
* * * LOW HITPOINT WARNING * * *
You feel as though you will be slow longer.
Okay, then.
Press: ? - help, v - describe, . - travel
Here: a hornet (lightly wounded)
The floor.
The hornet barely misses you. The hornet closely misses you.
The hornet stings you!
You die...

###########
#.y.......#
#@#######.#
#.# # #.#
####.#
#.###......
#.........#
###...####
#.....#
#.....#
#.....#


You could see a hornet.

Vanquished Creatures
  The ghost of Salmacis the Martial Artist, a novice OpBe of Trog (D:6)
  Pikel (D:5)
  A hippogriff (D:7)
  A vampire (D:5)
  Menkaure (D:4)
  An ice beast (D:4)
  An orc warrior (D:6)
  4 slaves (D:5)
  2 centaurs
  4 bullfrogs
  A scorpion (D:5)
  4 wights (D:5)
  2 crimson imps (D:5)
  A centaur zombie (D:6)
  A hound (D:4)
  A centaur skeleton (D:6)
  An orc priest (D:6)
  Crazy Yiuf (D:2)
  Ijyb (D:3)
  Natasha (thrice) (D:3 D:5)
  3 iguanas
  9 orc wizards
  6 worker ants
  A hound zombie (D:4)
  12 adders
  2 gnolls
  A shadow imp (D:6)
  An ooze (D:2)
  3 worms
  4 dart slugs
  4 leopard geckos
  26 orcs
  3 ball pythons
  7 giant cockroaches
  4 hobgoblins
  11 jackals
  4 quokkas
  7 bats
  5 frilled lizards
  8 goblins
  A jackal skeleton (D:5)
  7 kobolds
  2 leopard gecko skeletons (D:6)
  A quokka skeleton (D:5)
  6 rats
171 creatures vanquished.

Notes
Turn   | Place    | Note
-------+----------+-------------------------------------------
     0 | D:1      | HAL9000 the Vine Stalker Assassin began the quest for the Orb.
     0 | D:1      | Reached XP level 1. HP: 11/11 MP: 2/2
    38 | D:1      | Reached skill level 2 in Short Blades
    86 | D:1      | Reached XP level 2. HP: 13/15 MP: 3/3
   798 | D:2      | Reached skill level 3 in Short Blades
   829 | D:2      | Reached XP level 3. HP: 18/18 MP: 4/4
  1153 | D:2      | Found a runed door.
  1212 | D:2      | Noticed Crazy Yiuf
  1219 | D:2      | Killed Crazy Yiuf
  1219 | D:2      | Reached skill level 4 in Short Blades
  1219 | D:2      | Gained mutation: Your natural rate of healing is unusually fast. [Vine Stalker growth]
  1219 | D:2      | Reached XP level 4. HP: 23/23 MP: 5/5
  1601 | D:2      | Reached XP level 5. HP: 19/26 MP: 4/6
  1805 | D:3      | Noticed Natasha
  1814 | D:3      | Killed Natasha
  1814 | D:3      | Reached skill level 5 in Short Blades
  1883 | D:3      | Found a white marble altar of Elyvilon.
  1933 | D:3      | Noticed Ijyb
  1940 | D:3      | Killed Ijyb
  2477 | D:3      | Reached XP level 6. HP: 27/30 MP: 7/7
  2546 | D:4      | Noticed Menkaure
  2550 | D:4      | Killed Menkaure
  2550 | D:4      | Reached skill level 6 in Short Blades
  2867 | D:4      | Reached XP level 7. HP: 32/34 MP: 8/8
  3011 | D:4      | Reached skill level 7 in Short Blades
  3133 | D:4      | Found Luzir's Distillery.
  3516 | D:4      | Found a stormy altar of Qazlal.
  3516 | D:4      | Found an opulent altar of Gozag.
  3554 | D:5      | Entered Level 5 of the Dungeon
  3658 | D:5      | Noticed Natasha
  3689 | D:5      | Reached skill level 8 in Short Blades
  3695 | D:5      | Killed Natasha
  3906 | D:5      | Noticed Natasha
  3915 | D:5      | Killed Natasha
  3925 | D:5      | Noticed Pikel
  4067 | D:5      | Killed Pikel
  4067 | D:5      | Reached skill level 9 in Short Blades
  4067 | D:5      | Gained mutation: You have razor-sharp teeth. [Vine Stalker growth]
  4067 | D:5      | Reached XP level 8. HP: 23/38 MP: 6/9
  4285 | D:5      | Noticed a vampire
  4296 | D:5      | Killed a vampire
  4427 | D:5      | Found a hazy altar of Hepliaklqana.
  4440 | D:5      | Reached skill level 10 in Short Blades
  5043 | D:5      | Reached XP level 9. HP: 42/42 MP: 10/10
  5145 | D:5      | Found a staircase to the Ecumenical Temple.
  5196 | Temple   | Entered the Ecumenical Temple
  5685 | D:6      | Found a shimmering altar of Xom.
  6047 | D:6      | Reached skill level 11 in Short Blades
  6263 | D:6      | Reached skill level 5 in Stealth
  6274 | D:6      | Found a snail-covered altar of Cheibriados.
  6283 | D:6      | Noticed Salmacis's ghost (novice OpBe)
  6293 | D:6      | Killed Salmacis's ghost
  6577 | D:7      | Noticed a hornet
  7018 | D:7      | Reached XP level 10. HP: 39/51 MP: 11/11
  7180 | D:7      | Found a sparkling altar of Nemelex Xobeh.
  7264 | D:7      | Slain by a hornet

Vault maps used:
D:1:      mrwooster_arrival_statue_3
D:2:      first_bread, uniq_crazy_yiuf_cottage
D:3:      elyvilon_altar_1, corexii_shack, uniq_natasha, uniq_ijyb
D:4:      gammafunk_temple_overflow_wave, serial_shops, shop_fountains,
          uniq_menkaure
D:5:      lemuel_crystal_altar, minmay_temple_entry_large_hall, uniq_pikel
D:6:      overflow_temple_1_default, overflow_temple_1_default
D:7:      basic_altar
Temple:   minmay_temple_curvy_branch

Skill      XL: |  1  2  3  4  5  6  7  8  9 |
---------------+----------------------------+-----
Short Blades   | 2 3 4 5 6 9 10 11 | 11.1
Fighting       | 4 |  4.4
Stealth        | 7 |  7.7
Throwing       | |  1.7
Dodging        | |  0.7

Action                   |  1- 3 |  4- 6 |  7- 9 | 10-12 || total
-------------------------+-------+-------+-------+-------++-------
Melee: Dagger            |    62 |   121 |   411 |     4 ||   598
       Bite              |     7 |    30 |   137 |     1 ||   175
 Fire: Blowgun           |     1 |       |     3 |       ||     4
Evoke: Wand              |       |     3 |     2 |       ||     5
  Use: Potion            |       |       |     4 |     2 ||     6
       Scroll            |       |       |     7 |       ||     7
 Stab: Sleeping          |    10 |    15 |    13 |       ||    38
       Invisible         |       |       |     5 |       ||     5
       Distracted        |       |       |     1 |       ||     1
  Eat: Chunk             |     1 |     5 |    12 |     1 ||    19
       Fruit             |       |       |     1 |       ||     1
Armor: Robe              |    21 |    16 |    38 |       ||    75
Dodge: Dodged            |    29 |    46 |   122 |     5 ||   202
       Deflected         |       |       |     3 |       ||     3

Table legend:
 A = Spawn XP
 B = Non-spawn XP
 C = Spawn XP percentage of total XP
 D = Spawn monster count
 E = Non-spawn monster count
 F = Spawn count percentage of total count
 G = Total turns spent on level
                    A         B        C        D         E        F      G
               +---------+---------+-------+---------+---------+-------+---------
         Total |       0 |    4676 |   0.0 |       0 |     167 |   0.0 |  7264
               +---------+---------+-------+---------+---------+-------+---------
           D:1 |       0 |      42 |   0.0 |       0 |      18 |   0.0 |   847
           D:2 |       0 |     143 |   0.0 |       0 |      28 |   0.0 |   880
           D:3 |       0 |     136 |   0.0 |       0 |      23 |   0.0 |   847
           D:4 |       0 |     592 |   0.0 |       0 |      22 |   0.0 |  1290
           D:5 |       0 |    1677 |   0.0 |       0 |      35 |   0.0 |  1546
           D:6 |       0 |    1635 |   0.0 |       0 |      37 |   0.0 |   870
           D:7 |       0 |     451 |   0.0 |       0 |       4 |   0.0 |   755
               +---------+---------+-------+---------+---------+-------+---------
